 Dungeon Crawl Stone Soup version 0.26-a0-1132-ge9770dfcb6 (console) character file.

Game seed: 13864215677105327645

51 Morrissey the Firebug (level 3, -4/19 HPs)
             Began as a Gargoyle Fire Elementalist on Dec 20, 2020.
             Slain by a worm (9 damage)
             ... on level 2 of the Dungeon.
             The game lasted 00:05:48 (1755 turns).

Morrissey the Firebug (Gargoyle Fire Elementalist)  Turns: 1755, Time: 00:05:49

Health: -4/19      AC: 16    Str: 11    XL:     3   Next: 83%
Magic:  5/6        EV: 12    Int: 16    God:
Gold:   110        SH:  0    Dex: 10    Spells: 3/7 levels left

rFire    . . .     SeeInvis +   a - +0 mace (protect)
rCold    . . .     Faith    .   (no shield)
rNeg     + . .     Spirit   .   m - +0 robe
rPois    ∞         Reflect  .   (no helmet)
rElec    +         Harm     .   (no cloak)
rCorr    .         Rampage  .   (no gloves)
Will     .....                  (no boots)
Stlth    ++........             (no amulet)
HPRegen  0.06/turn              d - +4 ring of protection
MPRegen  0.10/turn              f - ring of see invisible

@: protection aura
A: negative energy resistance 1, electricity resistance, unbreathing,
petrification resistance, miasma immunity, AC +3
a: no special abilities


You were on level 2 of the Dungeon.
You visited 1 branch of the dungeon, and saw 2 of its levels.

You collected 110 gold pieces.

Inventory:

Hand Weapons
 a - a +0 mace of protection (weapon)
Armour
 m - a +0 robe (worn)
Jewellery
 c - an uncursed ring of fire
 d - a +4 ring of protection (left hand)
 f - a ring of see invisible (right hand)
Wands
 j - a wand of digging (5)
Scrolls
 e - 2 scrolls of enchant weapon {unknown}
 i - 3 scrolls of remove curse {unknown}
 l - a scroll of magic mapping {unknown}
Potions
 b - a potion of mutation {unknown}
 g - a potion of berserk rage {unknown}
 h - a potion of cancellation {unknown}
 k - a potion of flight {unknown}


   Skills:
 - Level 1.5 Dodging
 - Level 2.1 Stealth
 + Level 2.5 Spellcasting
 + Level 2.1 Conjurations
 * Level 3.9 Fire Magic


You had 3 spell levels left.
You knew the following spells:

 Your Spells              Type           Power        Failure   Level
a - Foxfire               Conj/Fire      44%          6%          1
b - Conjure Flame         Conj/Fire      11%          17%         3

Your spell library contained the following spells:

 Spells                   Type           Power        Failure   Level
 Inner Flame              Hex/Fire       8%           26%         3
 Sticky Flame             Conj/Fire      11%          50%         4
 Fireball                 Conj/Fire      5%           85%         5


Dungeon Overview and Level Annotations

Branches:
Dungeon (2/15)

Altars:


Innate Abilities, Weirdness & Mutations

You are resistant to torment.
Your stone body is resilient. (AC +3)
You are immune to poison.
You resist negative energy. (rN+)
You are resistant to electric shocks. (rElec)
You can survive without breathing.
You are immune to petrification.
You are immune to miasma.


Message History

You miss the adder.
The adder is heavily wounded.
The adder bites you. The adder barely misses you.
You closely miss the adder.
The adder is heavily wounded.
The adder barely misses you.
You thump the adder!
Your weapon exudes an aura of protection.
You kill the adder!
You hit the worm.
The worm is moderately wounded.
The worm bites you but does no damage.
You sock the worm!
The worm is severely wounded.
The worm bites you!
* * * LOW HITPOINT WARNING * * *
You sock the worm!
The worm is almost dead.
The worm bites you!
You die...

....#.#.#.#
#.#v.#
..#.#.#.#.#
#.#§.#
#####.#.#.#
#.#§.# #
#.#.# #
#.#..# #
#.#.#
#.##.#..# #
#.#.#
#.......# #
#.#.#
####.##§# #
#.#<#
#.####..!##.#
# #.#.#
#...@w...##.#
#####.#.#
######[#.##.#
........#
....# .#
#####.###
###..# .# #.#
..# #.# #...
#.# ..## #.#
..# ###


You could see a worm.

Vanquished Creatures
  An adder (D:2)
  2 oozes (D:1)
  A worm (D:2)
  A dart slug (D:1)
  A leopard gecko (D:1)
  3 bats
  6 goblins
  2 hobgoblins
  3 jackals
  A frilled lizard (D:1)
  3 kobolds
  4 rats
28 creatures vanquished.

Vanquished Creatures (others)
  77 foxfires
77 creatures vanquished.

Grand Total: 105 creatures vanquished

Notes
Turn   | Place    | Note
-------+----------+-------------------------------------------
     0 | D:1      | Morrissey the Gargoyle Fire Elementalist began the quest
                  | for the Orb.
     0 | D:1      | Reached XP level 1. HP: 10/10 MP: 3/3
   172 | D:1      | Reached XP level 2. HP: 15/15 MP: 0/5
   646 | D:1      | Reached XP level 3. HP: 19/19 MP: 0/6
   667 | D:1      | Learned a level 3 spell: Conjure Flame
  1755 | D:2      | Slain by a worm

Illustrated notes

Levels and vault maps discovered:
D:1:      elethiomel_arrival_maze, layout_basic,
          wander_ebering_terrifying_dragon_lair
D:2:      layout_basic, minmay_between

Skill      XL: |  1  2  3 |
---------------+----------+-----
Conjurations   | 2 |  2.1
Dodging        | |  1.5
Stealth        | |  2.1
Spellcasting   | |  2.5
Fire Magic     | |  3.9

Action                   || total
-------------------------++-------
Melee: Unarmed           ||    14
       Dagger            ||    20
       Mace              ||    19
 Cast: Foxfire           ||    54
 Stab: Sleeping          ||     1
Armor: Robe              ||    25
Dodge: Dodged            ||    47

Table legend: (Time is in decaauts)
 A = Elapsed time spent in this place.
 B = Non-inter-level travel time spent in this place.
 C = Inter-level travel time spent in this place.
 D = Time resting spent in this place.
 E = Time spent auto-exploring this place.
 F = Levels seen in this place.
 G = Mean time per level.
                   A        B        C        D        E       F      G
               +--------+--------+--------+--------+--------+-----+--------+
         Total |   1758 |   1740 |     18 |    135 |   1240 |   2 |  879.0 |
       Dungeon |   1758 |   1740 |     18 |    135 |   1240 |   2 |  879.0 |
               +--------+--------+--------+--------+--------+-----+--------+

Top non-repeatable levels by time:
     D:1: 1110 daAuts
     D:2: 648 daAuts
